 Dungeon Crawl Stone Soup version 0.17.0-9-g801d43b (webtiles) character file.

18198 septik the Basher (level 12, -1/78 HPs)
             Began as a Gargoyle Fighter on Nov 9, 2015.
             Was a High Priest of Okawaru.
             Killed by divine providence
             ... invoked by a smoke demon
              (11 damage)
             ... on level 1 of the Abyss.
             The game lasted 00:40:30 (13381 turns).

septik the Basher (Gargoyle Fighter)               Turns: 13381, Time: 00:40:30

Health: -1/78      AC: 31    Str: 22 (23) XL:     12   Next: 56%
Magic:  10/12      EV: 10    Int: 13      God:    Okawaru [*****.]
Gold:   813        SH:  0    Dex:  9 (10) Spells: 0 memorised, 11 levels left

rFire  . . .     SeeInvis .     N - +5 great mace (holy)
rCold  . . .     Clarity  +     I - +0 chain mail
rNeg   + . .     SustAt   .     (shield currently unavailable)
rPois  ∞         Gourm    .     C - +0 helmet {Int+3}
rElec  +         Spirit   .     O - +0 cloak {rPois}
rCorr  .         Warding  .     k - +2 pair of gloves
rMut   .         Stasis   .     F - +0 pair of boots
MR     +....                    i - amulet of clarity
Stlth  ..........               P - ring of protection from magic
                                z - +6 ring of slaying

@: heroism, somewhat resistant to hostile enchantments, extremely unstealthy
A: berserk 2, clarity, deterioration 1, negative energy resistance 1,
electricity resistance, unbreathing, petrification resistance, rot immunity,
subdued magic 1, AC +8
a: Heroism, Finesse, Renounce Religion


You were on level 1 of the Abyss.
You worshipped Okawaru.
Okawaru was extremely pleased with you.
You were very hungry.

You visited 3 branches of the dungeon, and saw 14 of its levels.
You visited the Abyss 1 time.
You also visited: Sewer and Ossuary.

You collected 813 gold pieces.

Inventory:

Hand Weapons
 r - a +0 dire flail
 H - a +0 whip of freezing
 N - a +5 great mace of holy wrath (weapon)
 V - a +3 morningstar
 Y - a +0 blowgun
Missiles
 f - 12 curare-tipped needles
 l - 4 exploding tomahawks (quivered)
 s - 43 poisoned needles
 G - 6 throwing nets
Armour
 b - a +0 plate armour
 c - a +0 shield
 k - a +2 pair of gloves (worn)
 C - a +0 helmet of intelligence (worn)
 F - a +0 pair of boots (worn)
 I - a +0 chain mail (worn)
 O - a +0 cloak of poison resistance (worn)
Jewellery
 i - an amulet of clarity (around neck)
 z - a +6 ring of slaying (left hand)
 A - an uncursed ring of protection from fire
 D - an uncursed ring of see invisible
 K - an uncursed amulet of warding
 P - a ring of protection from magic (right hand)
Wands
 x - a wand of fire (12)
 y - a wand of lightning (6)
 Z - a wand of cold (12)
Scrolls
 a - 3 scrolls of identify
 j - a scroll of blinking
 m - 4 scrolls of remove curse
 n - 2 scrolls of magic mapping
 o - a scroll of teleportation
 p - 2 scrolls of amnesia
 t - 3 scrolls of fog
 u - a scroll of enchant armour {unknown}
 B - 4 scrolls of recharging
 Q - 2 scrolls of immolation
 R - 3 scrolls of fear
Potions
 d - 4 potions of curing
 w - 2 potions of berserk rage
 J - 2 potions of flight
 M - a potion of agility
 S - 2 potions of haste
 U - a potion of might
 W - a potion of invisibility {unknown}
 X - a potion of cure mutation {unknown}
Books
 T - an Akashic Record

   Spells                             Type                      Level
   a - Dispersal                      Translocation                6
   b - Malign Gateway                 Summoning/Translocation      7
   c - Disjunction                    Translocation                8
   d - Controlled Blink               Translocation                8
Comestibles
 e - 12 bread rations
 g - 8 meat rations
 h - 2 slices of pizza
 q - 12 beef jerkies
 L - a royal jelly


   Skills:
 + Level 10.5(15.5) Fighting
 * Level 12.9(17.9) Maces & Flails
 + Level 10.3(15.3) Armour
 + Level 10.5(15.5) Shields


You had 11 spell levels left.
You didn't know any spells.

Dungeon Overview and Level Annotations

Branches:
Dungeon (9/15)             Temple (1/1) D:7            Lair (4/8) D:9
  Swamp: Lair:3-6    Shoals: Lair:3-6     Snake: Lair:3-6    Spider: Lair:3-6
    Orc: D:9-12

Altars:
Ashenzari
Cheibriados
Dithmenos
Elyvilon
Fedhas
Gozag
Kikubaaqudgha
Makhleb
Nemelex Xobeh
Okawaru
Qazlal
Ru
Sif Muna
Trog
Vehumet
Xom
Yredelemnul
Zin
The Shining One

Shops:
D:8 [

Annotations:
Lair:1 exclusion: oklob plant
Lair:4 Sonja


Innate Abilities, Weirdness & Mutations

You are resistant to torment.
Your stone body is resilient (AC +8).
You are immune to poison.
You resist negative energy.
You are resistant to electric shocks.
You can survive without breathing.
You are immune to petrification.
You are immune to rotting.
You possess an exceptional clarity of mind.
[You often lose your temper in combat.]
[Your body sometimes deteriorates upon taking damage.]
[Your spells are a little easier to cast, but a little less powerful.]


Message History

You start resting.
Your magical contamination has completely faded away.
A raiju comes into view.
A raiju is nearby!
You start resting.
A wraith comes into view.
A smoke demon comes into view.
The smoke demon roars!
You hear a bark!
You hear a bark!
The smoke demon gestures at you. Something smites you!
* * * LOW HITPOINT WARNING * * *
You gain the combat prowess of a mighty hero.
You are feeling very hungry.
The smoke demon gestures at you. Something smites you!
* * * LOW HITPOINT WARNING * * *
A raiju comes into view.
The smoke demon gestures at you. Something smites you!
You die...

#. ≈h# ≈≈ # .
#≈ ≈# ≈≈≈. #≈
# #..#.### #
#.≈.3.#####.#
#≈≈##.##....
# #.#..#
##W.##.#
#..@..#
#.####.# ## #


You could see a smoke demon and a wraith.

Vanquished Creatures
  3 hydras
  Harold (Lair:1)
  Pikel (D:6)
  A manticore (D:9)
  A black mamba (Lair:1)
  6 spiny frogs
  2 komodo dragons
  A fire drake (D:9)
  5 blink frogs (Lair:3)
  A troll (D:9)
  Prince Ribbit (D:5)
  A basilisk (Lair:2)
  2 wyverns
  6 yaks (Lair:3)
  2 hungry ghosts
  5 hippogriffs
  5 wolves (Lair:2)
  7 water moccasins
  2 orc warriors (D:9)
  9 porcupines
  Duvessa (D:6)
  2 ogres
  A black bear (D:6)
  3 necrophages
  2 centaurs
  A slave (D:5)
  2 big kobolds (D:9)
  6 crocodiles
  14 giant frogs
  13 killer bees
  A water moccasin skeleton (D:7)
  12 scorpions
  6 wights
  An electric eel (Lair:3)
  A vampire bat (D:5)
  6 crimson imps
  2 centaur zombies
  A quasit (D:6)
  5 hounds
  12 orc wizards
  Crazy Yiuf (D:7)
  5 worker ants
  Jessica (D:7)
  4 iguanas
  Natasha (twice) (D:2)
  7 sheep (Lair:3)
  A hound zombie (D:8)
  A worker ant zombie (D:8)
  6 gnolls
  3 mummies (Ossuary)
  26 river rats
  11 adders
  7 scorpion zombies (Ossuary)
  A shadow imp (D:9)
  3 oozes
  2 adder zombies
  3 worms (D:2)
  9 giant geckos
  14 orcs
  5 ball pythons
  3 bat skeletons (D:5)
  4 bat zombies (D:5)
  12 giant cockroaches
  9 goblins
  13 hobgoblins
  14 jackals
  17 kobolds
  A quokka (D:2)
  11 bats
  10 giant newts
  5 gnoll zombies (Ossuary)
  5 goblin zombies (Ossuary)
  2 hobgoblin zombies (Ossuary)
  An orc zombie (Ossuary)
  A quokka skeleton (D:5)
  11 rats
  2 starspawn tentacles (Abyss:1)
387 creatures vanquished.

Vanquished Creatures (others)
  Dowan (D:6)
  A giant frog skeleton (D:6)
  An iguana (D:6)
  4 fungi
  3 plants
  2 starspawn tentacles (Abyss:1)
  42 starspawn tentacle segments (Abyss:1)
54 creatures vanquished.

Grand Total: 441 creatures vanquished

Notes
Turn   | Place    | Note
--------------------------------------------------------------
     0 | D:1      | septik the Gargoyle Fighter began the quest for the Orb.
     0 | D:1      | Reached XP level 1. HP: 14/14 MP: 1/1
    64 | D:1      | Reached XP level 2. HP: 14/19 MP: 2/2
   371 | D:1      | Reached XP level 3. HP: 23/23 MP: 3/3
  1249 | D:2      | Noticed Natasha
  1277 | D:2      | Killed Natasha
  1277 | D:2      | Reached XP level 4. HP: 9/29 MP: 4/4
  1554 | D:2      | Reached skill level 4 in Fighting
  1836 | D:2      | Noticed Natasha
  1847 | D:2      | Killed Natasha
  1894 | D:2      | Reached XP level 5. HP: 20/33 MP: 5/5
  3334 | D:4      | Reached XP level 6. HP: 32/39 MP: 6/6
  3587 | D:4      | Found a glowing drain.
  3634 | Sewer    | Entered a sewer
  4149 | D:4      | Reached skill level 5 in Shields
  4149 | D:4      | Reached XP level 7. HP: 44/44 MP: 7/7
  4251 | D:5      | Entered Level 5 of the Dungeon
  4293 | D:5      | Noticed Prince Ribbit
  4301 | D:5      | Reached skill level 5 in Armour
  4307 | D:5      | Reached skill level 5 in Fighting
  4314 | D:5      | Killed Prince Ribbit
  4314 | D:5      | Reached skill level 5 in Maces & Flails
  4718 | D:5      | Reached XP level 8. HP: 50/50 MP: 8/8
  5117 | D:5      | Found an ancient bone altar of Kikubaaqudgha.
  5292 | D:6      | Noticed Pikel
  5417 | D:6      | Reached skill level 6 in Maces & Flails
  5737 | D:6      | Killed Pikel
  5737 | D:6      | Reached XP level 9. HP: 48/56 MP: 9/9
  5754 | D:6      | Noticed Duvessa
  5754 | D:6      | Noticed Dowan
  5773 | D:6      | Killed Dowan
  5796 | D:6      | Killed Duvessa
  5796 | D:6      | Reached skill level 7 in Maces & Flails
  6321 | D:7      | Found a staircase to the Ecumenical Temple.
  6330 | Temple   | Entered the Ecumenical Temple
  6477 | Temple   | Became a worshipper of Warmaster Okawaru
  6629 | D:7      | Noticed Crazy Yiuf
  6635 | D:7      | Killed Crazy Yiuf
  6864 | D:7      | Noticed Jessica
  7192 | D:7      | Killed Jessica
  7197 | D:7      | Found a deep blue altar of Sif Muna.
  7443 | D:8      | Reached skill level 8 in Maces & Flails
  7444 | D:8      | Found a sand-covered staircase.
  7448 | Ossuary  | Entered an ossuary
  7500 | Ossuary  | Reached * piety under Okawaru
  7886 | D:8      | Found Zegirag's Armour Shop.
  7906 | D:8      | Reached XP level 10. HP: 64/64 MP: 10/10
  7973 | D:8      | Reached ** piety under Okawaru
  8206 | D:8      | Reached skill level 9 in Maces & Flails
  8747 | D:9      | Noticed a manticore
  8761 | D:9      | Killed a manticore
  8761 | D:9      | Reached *** piety under Okawaru
  9050 | D:9      | Reached skill level 10 in Maces & Flails
  9272 | D:9      | Found a staircase to the Lair.
  9571 | Lair:1   | Entered Level 1 of the Lair of Beasts
  9592 | Lair:1   | Reached XP level 11. HP: 69/69 MP: 11/11
  9655 | Lair:1   | Noticed Harold
  9668 | Lair:1   | Killed Harold
  9668 | Lair:1   | Reached **** piety under Okawaru
  9735 | D:9      | Identified a scroll of acquirement
 10019 | Lair:1   | Reached skill level 11 in Maces & Flails
 10237 | Lair:1   | Noticed a black mamba
 10245 | Lair:1   | Killed a black mamba
 10508 | Lair:1   | Found a blossoming altar of Fedhas.
 10508 | Lair:1   | Noticed a six-headed hydra
 10519 | Lair:1   | Killed a six-headed hydra
 10554 | Lair:1   | Noticed an oklob plant
 10839 | Lair:2   | Reached ***** piety under Okawaru
 10882 | Lair:2   | Noticed a four-headed hydra
 10889 | Lair:2   | Killed a four-headed hydra
 11013 | Lair:2   | Reached skill level 10 in Shields
 11241 | Lair:2   | Reached skill level 12 in Maces & Flails
 11241 | Lair:2   | Reached XP level 12. HP: 77/77 MP: 12/12
 11407 | Lair:2   | Noticed an eight-headed hydra
 11418 | Lair:2   | Killed an eight-headed hydra
 11419 | Lair:2   | Reached skill level 10 in Fighting
 11636 | Lair:2   | Received a gift from Okawaru
 11636 | Lair:2   | Reached skill level 10 in Armour
 12269 | Lair:3   | Found a bloodstained altar of Trog.
 13091 | Lair:4   | Noticed Sonja
 13177 | Lair:4   | Cast into the Abyss (Sonja)
 13192 | Abyss:1  | Gained mutation: [You tend to lose your temper in combat.] [a neqoxec]
 13193 | Abyss:1  | Gained mutation: You possess an exceptional clarity of mind. [a neqoxec]
 13198 | Abyss:1  | Noticed a starcursed mass
 13228 | Abyss:1  | Noticed a tentacled starspawn
 13381 | Abyss:1  | Killed from afar by a smoke demon

Action                   |  1- 3 |  4- 6 |  7- 9 | 10-12 || total
-------------------------+-------+-------+-------+-------++-------
Melee: Flail             |   208 |   337 |   138 |       ||   683
       Whip              |       |       |   325 |   362 ||   687
       Morningstar       |       |       |       |   246 ||   246
       Great mace        |       |       |       |   126 ||   126
Throw: Tomahawk          |       |     1 |     1 |       ||     2
Invok: Heroism           |       |       |       |     8 ||     8
  Use: Scroll            |       |     7 |     4 |    13 ||    24
       Potion            |       |       |     1 |     3 ||     4
 Stab: Distracted        |       |       |     1 |       ||     1
  Eat: Chunk             |     2 |    10 |    10 |    30 ||    52
       Bread ration      |       |       |     1 |     1 ||     2
